[Event "*** SCC Grand Prix: Titled Tuesday Blitz"]
[Site "Chess.com"]
[Date "2020.08.04"]
[Round "3"]
[White "Makswolf200817"]
[Black "Infernal_XaM"]
[Result "0-1"]
[WhiteElo "2472"]
[BlackElo "2912"]
[TimeControl "180+1"]
[EndTime "14:10:32 PDT"]
[Termination "Infernal_XaM won by resignation"]

1. d4 e6 2. c4 b6 3. Nf3 Bb7 4. Nc3 f5 5. Bf4 Bb4 6. Qc2 Nf6 7. a3 Bxc3+ 8. Qxc3 O-O 9. e3 d6 10. h3 Nbd7 11. Bh2 Qe7 12. Be2 Ne4 13. Qc2 Ndf6 14.
O-O g5 15. Ne1 g4 16. hxg4 fxg4 17. Nd3 h5 18. Nf4 Qf7 19. Rad1 Rae8 20. d5 exd5 21. cxd5 Qg7 22. Ne6 Rxe6 23. dxe6 Ng5 24. Bf4 Nxe6 25. Bg3 Kh8 26. Qf5 Ng5 27. Qb5 a6 28.
Qb3 Nfe4 29. Bh4 Nf3+ 30. Bxf3 gxf3 31. g3 Qg4 32. Kh2 Bc8 0-1

[Event "*** SCC Grand Prix: Titled Tuesday Blitz"]
[Site "Chess.com"]
[Date "2020.08.04"]
[Round "3"]
[White "KarstenHansch"]
[Black "Rud_Makarian"]
[Result "0-1"]
[WhiteElo "2415"]
[BlackElo "2654"]
[TimeControl "180+1"]
[EndTime "14:10:44 PDT"]
[Termination "Rud_Makarian won by resignation"]

1. e4 e5 2. Nf3 Nc6 3. Bb5 Nf6 4. O-O Nxe4 5. Re1 Nd6 6. Nxe5 Be7 7. Bf1 Nxe5 8. Rxe5 O-O 9. d4 Bf6 10. Re1 Re8 11. Rxe8+ Qxe8 12. Nc3 c6 13. Ne2 Nf5 14. c3 d5 15. Ng3 g6 16. Bd3 Nxg3 17. hxg3 h5 18. Qf3 Qe7 19. Bd2 Bg4 20. Qf4 Re8 21. Re1 Qxe1+ 22. Bxe1 Rxe1+ 23. Kh2 Kg7 24. Qc7 Rd1 25.
Bc2 Rd2 26. Bb3 Rxf2 27. Qxb7 Bf3 28. Kg1 Rxg2+ 29. Kf1 Rxg3 30. Qxc6 h4 31. Bxd5 Bxd5 32. Qxd5 h3 33. c4 h2 0-1

[Event "*** SCC Grand Prix: Titled Tuesday Blitz"]
[Site "Chess.com"]
[Date "2020.08.04"]
[Round "3"]
[White "51616516516"]
[Black "Klavdia_Nik"]
[Result "0-1"]
[WhiteElo "2279"]
[BlackElo "2018"]
[TimeControl "180+1"]
[EndTime "14:10:50 PDT"]
[Termination "Klavdia_Nik won by resignation"]

1. Nf3 Nf6 2. c4 c5 3. Nc3 b6 4. g3 Bb7 5. Bg2 g6 6. O-O Bg7 7. d4 O-O 8. d5 d6 9. e4 b5 10. cxb5 a6 11. bxa6 Bxa6 12. Re1 Ng4 13. Bf4 Nd7 14.
Qc2 Qa5 15. Bf1 Rfb8 16. Bxa6 Qxa6 17. h3 Nge5 18. Nxe5 Nxe5 19. Re2 Nf3+ 20. Kg2 Nd4 21. Qd1 Nxe2 22. Nxe2 Rxb2 23. Ng1 Bd4 0-1

[Event "*** SCC Grand Prix: Titled Tuesday Blitz"]
[Site "Chess.com"]
[Date "2020.08.04"]
[Round "3"]
[White "Bigfish1995"]
[Black "Steven_Rojas"]
[Result "1-0"]
[WhiteElo "2980"]
[BlackElo "2444"]
[TimeControl "180+1"]
[EndTime "14:10:51 PDT"]
[Termination "Bigfish1995 won on time"]

1. e4 e6 2. d4 d5 3. Nc3 dxe4 4. Nxe4 Nd7 5. Nf3 Ngf6 6. Bd3 Nxe4 7. Bxe4 Nf6 8. Bd3 c5 9. Bg5 cxd4 10. Nxd4 Bc5 11. Nb3 Bb6 12. Qe2 Qd5 13. Bxf6 gxf6 14. O-O-O Qxg2 15. Be4 Qxf2 16. Qb5+ Ke7 17. Qb4+ Ke8 18.
Kb1 Bd7 19. Rxd7 Kxd7 20. Rd1+ Kc8 21. Qb5 Rd8 22. Bxb7+ Kxb7 23. Na5+ 1-0

[Event "*** SCC Grand Prix: Titled Tuesday Blitz"]
[Site "Chess.com"]
[Date "2020.08.04"]
[Round "3"]
[White "BogdanDeac"]
[Black "gisela_roque"]
[Result "1-0"]
[WhiteElo "2768"]
[BlackElo "1855"]
[TimeControl "180+1"]
[EndTime "14:10:51 PDT"]
[Termination "BogdanDeac won on time"]

1. b3 b6 2. Bb2 Bb7 3. Nf3 Nf6 4. g3 d6 5. d4 c5 6. Bg2 g6 7.
d5 Bg7 8. O-O O-O 9. c4 a6 10. Re1 b5 11. e4 Nbd7 12. Qc2 bxc4 13. bxc4 Rb8 14. Nbd2 Bc8 15. Rab1 Nb6 16. Bc3 Bd7 17.
Ba5 Ba4 18. Qd3 Nfd7 19. Qa3 Qc8 20. Rxb6 Nxb6 21. Bxb6 Rxb6 22. Qxa4 Qb7 23. e5 Rb4 24.
Qa5 Rb8 25. exd6 exd6 26. h4 Bc3 27. Qa3 Bg7 28. h5 Bb2 29. Qe3 Ra4 30. hxg6 hxg6 31.
Qf4 Qc7 32. Ne4 1-0

[Event "*** SCC Grand Prix: Titled Tuesday Blitz"]
[Site "Chess.com"]
[Date "2020.08.04"]
[Round "3"]
[White "tan275"]
[Black "bratkoo"]
[Result "0-1"]
[WhiteElo "2236"]
[BlackElo "2506"]
[TimeControl "180+1"]
[EndTime "14:10:55 PDT"]
[Termination "bratkoo won by resignation"]

1. d4 e6 2. c4 d5 3. Nf3 Nf6 4. Nc3 Be7 5. Bg5 O-O 6. Bxf6 Bxf6 7. e3 a6 8. Qc2 dxc4 9. Bxc4 g6 10. O-O b5 11. Be2 Bb7 12. Ne4 Bg7 13. Nc5 Bc6 14.
Rac1 a5 15. Rfd1 b4 16. Nd3 Be4 17. Qxc7 Qd5 18. b3 Na6 19. Qc4 Qd6 20. Nc5 Nxc5 21. Qxc5 Qd7 22. Qc7 Qd5 23. Rc5 Qd8 24. Qxd8 Rfxd8 25. Rdc1 a4 26. bxa4 Rxa4 27. Rc8 Rxc8 28. Rxc8+ Bf8 29.
Bc4 Bd5 30. Bxd5 exd5 31. Rc2 b3 32. Rc1 bxa2 33. Ra1 Bb4 34. Ne1 Bxe1 0-1

[Event "*** SCC Grand Prix: Titled Tuesday Blitz"]
[Site "Chess.com"]
[Date "2020.08.04"]
[Round "3"]
[White "coocloo"]
[Black "Shushik"]
[Result "0-1"]
[WhiteElo "1995"]
[BlackElo "2291"]
[TimeControl "180+1"]
[EndTime "14:10:56 PDT"]
[Termination "Shushik won by checkmate"]

1. e4 e5 2. Nf3 Nc6 3. Bc4 Bc5 4.
Nc3 Nf6 5. d3 d6 6. Bg5 h6 7.
Bh4 g5 8. Bg3 Bg4 9. h3 Bh5 10.
Nd5 Nd4 11. c3 Nxf3+ 12. gxf3 Nxd5 13. Bxd5 c6 14. Bc4 Qf6 15. Qd2 Bxf3 16. Rg1 Bb6 17. a4 Bc7 18. d4 Bxe4 19. dxe5 dxe5 20. O-O-O Bf5 21. Rh1 Rd8 22. Qe2 Ke7 23. h4 Rxd1+ 24. Qxd1 Rd8 25. Qe2 a6 26. hxg5 Qxg5+ 27. Qe3 Qxe3+ 28.
fxe3 b5 29. Bb3 Bb6 30. Bxe5 Bxe3# 0-1

[Event "*** SCC Grand Prix: Titled Tuesday Blitz"]
[Site "Chess.com"]
[Date "2020.08.04"]
[Round "3"]
[White "Kaua18"]
[Black "1977Ivan"]
[Result "0-1"]
[WhiteElo "2280"]
[BlackElo "2680"]
[TimeControl "180+1"]
[EndTime "14:10:58 PDT"]
[Termination "1977Ivan won by checkmate"]

1. e4 c5 2. Nf3 e6 3. d4 cxd4 4. Nxd4 Nc6 5. Nc3 Qc7 6. Be3 a6 7. Be2 b5 8. a3 Bb7 9. O-O Rc8 10. f4 Bc5 11. Kh1 Qb6 12. Nxc6 Bxe3 13. Ne5 Nf6 14. Bf3 Bxf4 15. Nd3 Qc7 16. e5 Bxf3 17. Qxf3 Bxe5 18. Nxe5 Qxe5 19. Rae1 Qh5 20. Qg3 Qg6 21. Qd6 h5 22.
Rf3 h4 23. Kg1 h3 24. Qxa6 Qxg2# 0-1

[Event "*** SCC Grand Prix: Titled Tuesday Blitz"]
[Site "Chess.com"]
[Date "2020.08.04"]
[Round "3"]
[White "FMJoseHerrera"]
[Black "VladaSviridova"]
[Result "1-0"]
[WhiteElo "2494"]
[BlackElo "2177"]
[TimeControl "180+1"]
[EndTime "14:11:02 PDT"]
[Termination "FMJoseHerrera won by resignation"]

1. f3 d5 2. g3 Nf6 3. Kf2 e5 4. Kg2 Bd6 5. c4 dxc4 6. e4 O-O 7. Bxc4 a6 8. Nc3 b5 9. Bb3 Bb7 10. Nh3 Nc6 11. Nf2 Nd4 12. d3 a5 13. a4 b4 14. Nb5 Bc5 15. Nxd4 Qxd4 16. Qe2 Rad8 17.
Bg5 Qxf2+ 18. Qxf2 Bxf2 19. Bxf6 gxf6 20. Kxf2 Rxd3 21.
Bc4 Rd2+ 22. Ke3 Rxb2 23. Rhd1 Rc2 24. Rac1 Rxc1 25. Rxc1 Rd8 26. h4 Kg7 27. g4 h6 28.
Bb3 Ba6 29. Bd5 Rd7 30. Rc5 c6 31. Rxc6 Bb7 32. Rc5 Bxd5 33. exd5 Rb7 34. Rb5 Rxb5 35. axb5 b3 36. Kd3 a4 37. Kc3 Kf8 38. b6 Ke7 39. b7 Kd6 40. b8=Q+ Kxd5 41. Qb7+ 1-0

[Event "*** SCC Grand Prix: Titled Tuesday Blitz"]
[Site "Chess.com"]
[Date "2020.08.04"]
[Round "3"]
[White "Rodalquilar"]
[Black "JMatias"]
[Result "1-0"]
[WhiteElo "2649"]
[BlackElo "2410"]
[TimeControl "180+1"]
[EndTime "14:11:09 PDT"]
[Termination "Rodalquilar won by resignation"]

1. d4 Nf6 2. Bf4 d6 3. Nf3 g6 4. e3 Bg7 5. Be2 O-O 6. O-O b6 7. h3 Bb7 8. Bh2 Nbd7 9. a4 a6 10.
Nbd2 c5 11. c3 Rc8 12. Bd3 Rc7 13. Qe2 Qa8 14. e4 cxd4 15. cxd4 e5 16. dxe5 dxe5 17. Nxe5 Nxe5 18. Bxe5 Re7 19. Bd6 Re6 20. Bxf8 Kxf8 21.
Rfe1 Nxe4 22. Bxe4 Bxe4 23. Nxe4 f5 24. Qf3 Rxe4 25. Rxe4 Qxe4 26. Qxe4 fxe4 27. Re1 Bxb2 28. Rxe4 Ba3 29. Rc4 b5 30. Rc8+ Kg7 31. Ra8 bxa4 32. Rxa6 Bb2 33. Rxa4 h5 34. Kf1 Bc1 35. Ke2 Bg5 36. Ra6 Bc1 37. Kf3 Bd2 38. Ke4 Bc1 39. f4 Bd2 40. f5 gxf5+ 41. Kxf5 Bc1 42. Ra4 Bd2 43. Rh4 Kh6 44. g4 1-0

[Event "*** SCC Grand Prix: Titled Tuesday Blitz"]
[Site "Chess.com"]
[Date "2020.08.04"]
[Round "3"]
[White "afgano29"]
[Black "Char_dasha"]
[Result "1-0"]
[WhiteElo "2658"]
[BlackElo "2415"]
[TimeControl "180+1"]
[EndTime "14:11:12 PDT"]
[Termination "afgano29 won by resignation"]

1. d4 f5 2. Nf3 Nf6 3. g3 e6 4.
Bg2 d5 5. c4 c6 6. O-O Bd6 7. Nc3 O-O 8. Rb1 a5 9. a3 Nbd7 10. b4 axb4 11. axb4 Ne4 12. Qc2 Nxc3 13. Qxc3 b5 14. c5 Bc7 15. Bf4 Nf6 16. Bxc7 Qxc7 17.
Ra1 Bd7 18. Ne5 Ne4 19. Bxe4 fxe4 20. Rxa8 Rxa8 21. Ra1 Rxa1+ 22. Qxa1 Bc8 23. Qa8 Qb7 24.
Qa5 h6 25. Qd8+ Kh7 26. Kg2 Qa8 27. h4 Bb7 28. Qe7 e3 29. fxe3 Qa2 30. Kf2 Bc8 31.
Qf8 1-0

[Event "*** SCC Grand Prix: Titled Tuesday Blitz"]
[Site "Chess.com"]
[Date "2020.08.04"]
[Round "3"]
[White "exoticprincess"]
[Black "DanielRensch"]
[Result "1-0"]
[WhiteElo "2832"]
[BlackElo "2563"]
[TimeControl "180+1"]
[EndTime "14:11:18 PDT"]
[Termination "exoticprincess won on time"]

1. d4 Nf6 2. c4 e6 3. Nc3 Bb4 4. e3 O-O 5. Ne2 c5 6. a3 cxd4 7. axb4 dxc3 8. Nxc3 d5 9. b3 b6 10. Bb2 Bb7 11. Be2 Nc6 12. b5 Ne7 13. O-O a5 14. Ba3 Rc8 15. Na4 Re8 16. c5 bxc5 17. Bxc5 Nd7 18.
b4 axb4 19. Bxb4 Nf5 20. Bd3 Qf6 21. Ba3 Ra8 22. Bb2 Qg5 23. Qf3 Rxa4 24. Rxa4 Nc5 25.
Rg4 Qh5 26. Bxf5 d4 27. Rxg7+ Kxg7 28. Qxh5 1-0

[Event "*** SCC Grand Prix: Titled Tuesday Blitz"]
[Site "Chess.com"]
[Date "2020.08.04"]
[Round "3"]
[White "Keithonsky"]
[Black "Ole83"]
[Result "1-0"]
[WhiteElo "2553"]
[BlackElo "2320"]
[TimeControl "180+1"]
[EndTime "14:11:18 PDT"]
[Termination "Keithonsky won by resignation"]

1. d4 Nf6 2. c4 e6 3. Nf3 c5 4.
d5 exd5 5. cxd5 d6 6. Nc3 g6 7.
h3 Bg7 8. Bf4 a6 9. a4 O-O 10.
e3 Qe7 11. Be2 Nbd7 12. O-O Nh5 13. Bh2 f5 14. Nd2 Nhf6 15. Re1 Ne5 16. Bf1 g5 17. f4 Nf7 18. e4 fxe4 19. Ndxe4 Nxe4 20. Nxe4 Bxb2 21. Nxg5 Qf6 22. Rb1 Bf5 23. Ne6 Rab8 24. Bd3 Bxd3 25. Qxd3 Rfe8 26. Kh1 b5 27. axb5 axb5 28.
g4 c4 29. Qc2 Bc3 30. g5 Qh8 31. Re4 Nd8 32. Rc1 Nxe6 33. dxe6 d5 34. Re2 b4 35. f5 Qd4 36. f6 Rb7 37. f7+ Rxf7 38. exf7+ Kxf7 39. Qxh7+ Qg7 40. Rf1+ 1-0

[Event "*** SCC Grand Prix: Titled Tuesday Blitz"]
[Site "Chess.com"]
[Date "2020.08.04"]
[Round "3"]
[White "dalmatinac101"]
[Black "kakarot_001"]
[Result "1-0"]
[WhiteElo "2714"]
[BlackElo "2855"]
[TimeControl "180+1"]
[EndTime "14:11:22 PDT"]
[Termination "dalmatinac101 won by resignation"]

1. e4 e6 2. d4 d5 3. Nc3 Nf6 4. e5 Nfd7 5. f4 c5 6. Nf3 Nc6 7. Be3 a6 8. Qd2 b5 9. Be2 Qb6 10. Nd1 b4 11. O-O g6 12. c3 a5 13. c4 cxd4 14. Nxd4 Nxd4 15. Bxd4 Bc5 16. Bxc5 Qxc5+ 17. Nf2 dxc4 18. Rac1 Nb6 19. Kh1 Bb7 20. Ng4 O-O 21. f5 exf5 22. Rxf5 Qc6 23. Bf3 Qe6 24. Qh6 Nd7 25.
Nf6+ Nxf6 26. exf6 1-0

[Event "*** SCC Grand Prix: Titled Tuesday Blitz"]
[Site "Chess.com"]
[Date "2020.08.04"]
[Round "3"]
[White "Andreikka"]
[Black "Carnivoras"]
[Result "1-0"]
[WhiteElo "2845"]
[BlackElo "2608"]
[TimeControl "180+1"]
[EndTime "14:11:23 PDT"]
[Termination "Andreikka won by resignation"]

1. c4 Nf6 2. Nc3 c6 3. e4 e5 4.
Nf3 d6 5. d4 exd4 6. Nxd4 g6 7.
f3 Bg7 8. Be3 O-O 9. Qd2 Nbd7 10.
O-O-O a6 11. Be2 Qc7 12. h4 b5 13. h5 c5 14. Nc2 b4 15. Na4 Qa5 16. b3 Nb6 17. Nxb6 Qxb6 18. Qxd6 Qa5 19. h6 Bh8 20. Bxc5 Nd7 21. Bd4 Qxa2 22. Bxh8 Kxh8 23. Qxb4 Rb8 24. Qc3+ f6 25. b4 Ne5 26. f4 Nc6 27. Rd6 Nxb4 28. Qxf6+ 1-0

[Event "*** SCC Grand Prix: Titled Tuesday Blitz"]
[Site "Chess.com"]
[Date "2020.08.04"]
[Round "3"]
[White "hansen"]
[Black "alexrustemov"]
[Result "1-0"]
[WhiteElo "2996"]
[BlackElo "2740"]
[TimeControl "180+1"]
[EndTime "14:11:24 PDT"]
[Termination "hansen won by resignation"]

1. e4 e6 2. d4 d5 3. Nc3 Bb4 4. exd5 exd5 5. Bd3 Nc6 6. a3 Bxc3+ 7. bxc3 Be6 8. Rb1 b6 9. Ne2 Nge7 10. Ng3 O-O 11.
O-O Qd7 12. Re1 Nf5 13. Bf4 Nxg3 14. hxg3 f6 15. Qh5 g5 16. Rxe6 gxf4 17. Rxc6 Rf7 18.
Bb5 a6 19. Ba4 b5 20. Bb3 Qxc6 21. Bxd5 Qe8 22. gxf4 c6 23. Bxf7+ Qxf7 24. Qxf7+ Kxf7 25. f3 Ke6 26. Kf2 Kd5 27. Ke3 Kc4 28. Kd2 h5 29. Rh1 Rg8 30. g4 hxg4 31. Rh5 Rg5 32. fxg5 g3 33. gxf6 1-0

[Event "*** SCC Grand Prix: Titled Tuesday Blitz"]
[Site "Chess.com"]
[Date "2020.08.04"]
[Round "3"]
[White "Eternauta2400"]
[Black "Martins-BR"]
[Result "1-0"]
[WhiteElo "2499"]
[BlackElo "2210"]
[TimeControl "180+1"]
[EndTime "14:11:32 PDT"]
[Termination "Eternauta2400 won by resignation"]

1. c4 f5 2. Nc3 Nf6 3. g3 g6 4.
Nh3 e5 5. d4 e4 6. Bg5 h6 7. Bxf6 Qxf6 8. Nf4 c6 9. e3 Bg7 10. h4 O-O 11. h5 g5 12. Ng6 Re8 13.
c5 Kh7 14. Bc4 d5 15. cxd6 Qxd6 16. Kf1 Be6 17. Bxe6 Rxe6 18. Kg2 Na6 19. Qb3 Rb8 20. Rad1 Nc7 21. d5 Rxg6 22. hxg6+ Kxg6 23. dxc6 Qxc6 24. Rd2 f4 25. Rhd1 f3+ 26. Kg1 Bf6 27. Qc2 Re8 28. Rd6 Qc4 29. b3 Qxc3 30. Qxc3 1-0

[Event "*** SCC Grand Prix: Titled Tuesday Blitz"]
[Site "Chess.com"]
[Date "2020.08.04"]
[Round "3"]
[White "harkerchess"]
[Black "ferdipy"]
[Result "1-0"]
[WhiteElo "2123"]
[BlackElo "2314"]
[TimeControl "180+1"]
[EndTime "14:11:32 PDT"]
[Termination "harkerchess won by resignation"]

1. Nc3 e5 2. Nf3 Nc6 3. d4 exd4 4. Nxd4 g6 5. g3 Bg7 6. Nb3 Nge7 7. Bg2 O-O 8. O-O d6 9. Bg5 h6 10. Be3 Be6 11. Qd2 Kh7 12. Rad1 Qd7 13. Nd4 Nxd4 14. Bxd4 Nc6 15. Bxg7 Kxg7 16. Nd5 Bxd5 17. Qxd5 Rae8 18. e3 Re5 19. Qb3 b6 20. Qa4 Rc5 21. Rd5 Ne5 22.
Qb3 Rxd5 23. Qxd5 Qe6 24. Qd4 a5 25. f4 c5 26. Qc3 f6 27. fxe5 dxe5 28. a3 Rd8 29.
Qe1 Qa2 30. Qf2 Rd6 31. c3 b5 32. Qe2 b4 33. axb4 cxb4 34. cxb4 axb4 35. Rc1 h5 36. Rc7+ Kh6 37. Rc1 b3 38. e4 g5 39. h4 Qa7+ 40.
Kh2 Qa5 41. Qf3 Qd2 42. hxg5+ fxg5 43. Qf8+ Kg6 44. Rc7 h4 45. Qf5+ 1-0

[Event "*** SCC Grand Prix: Titled Tuesday Blitz"]
[Site "Chess.com"]
[Date "2020.08.04"]
[Round "3"]
[White "Micki-taryan"]
[Black "praveenb2002"]
[Result "1-0"]
[WhiteElo "3058"]
[BlackElo "2779"]
[TimeControl "180+1"]
[EndTime "14:11:36 PDT"]
[Termination "Micki-taryan won on time"]

1. e3 Nf6 2. Nf3 g6 3. b3 Bg7 4. Bb2 O-O 5. c4 d6 6. d4 Nbd7 7. Be2 e5 8. dxe5 Ng4 9. Nc3 Ngxe5 10. Nxe5 Nxe5 11. Qd2 Re8 12. O-O-O a5 13. h3 Be6 14.
f4 Nd7 15. Bd3 Nc5 16. Bc2 a4 17. g4 axb3 18. axb3 c6 19. f5 Bd7 20. fxg6 hxg6 21. b4 Na6 22. Qxd6 Rxe3 23. Ne4 Bxb2+ 24. Kxb2 Nxb4 25.
Qxb4 Rea3 26. Bb3 Kg7 27. Qc3+ Kf8 28. Qh8+ Ke7 29. Qxd8+ Kxd8 30. Nc5 1-0

[Event "*** SCC Grand Prix: Titled Tuesday Blitz"]
[Site "Chess.com"]
[Date "2020.08.04"]
[Round "3"]
[White "Sekar24"]
[Black "Alexander_Moskalenko"]
[Result "0-1"]
[WhiteElo "2456"]
[BlackElo "2800"]
[TimeControl "180+1"]
[EndTime "14:11:37 PDT"]
[Termination "Alexander_Moskalenko won by resignation"]

1. e4 c6 2. Nf3 d5 3. Nc3 dxe4 4. Nxe4 Nf6 5. Qe2 Nxe4 6. Qxe4 Nd7 7. Bc4 Nf6 8. Ne5 e6 9. Qe2 b5 10. Bd3 Bd6 11. a4 Qc7 12. Nxc6 b4 13. Nd4 a6 14. Nf5 Bc5 15. Nxg7+ Kf8 16. Nh5 Nxh5 17. Qxh5 Bb7 18. Rg1 Rg8 19. Qh6+ Rg7 20. Bxh7 Qe5+ 21. Kd1 Bxf2 22.
Rf1 Ke8 23. Rxf2 Rxg2 24. Rxg2 Bf3+ 0-1

[Event "*** SCC Grand Prix: Titled Tuesday Blitz"]
[Site "Chess.com"]
[Date "2020.08.04"]
[Round "3"]
[White "ChessWarrior7197"]
[Black "aa175"]
[Result "1-0"]
[WhiteElo "2873"]
[BlackElo "2468"]
[TimeControl "180+1"]
[EndTime "14:11:40 PDT"]
[Termination "ChessWarrior7197 won on time"]

1. e4 c5 2. Nf3 d6 3. d4 cxd4 4. Nxd4 Nf6 5. Nc3 a6 6. h3 e6 7. g4 b5 8. Bg2 Bb7 9. O-O Nfd7 10. Re1 Be7 11. g5 Nb6 12. h4 N8d7 13. Qg4 b4 14.
Nce2 Ne5 15. Qg3 Qc7 16. f4 Nc6 17. h5 O-O-O 18. a3 h6 19. g6 e5 20. Nf5 fxg6 21.
hxg6 Rdf8 22. axb4 Nxb4 23. Ra3 Kb8 24. Rc3 Qd8 25. fxe5 Rxf5 26. exf5 Bh4 27. Qg4 Bxe1 28. Qxb4 dxe5 29. Be3 Nd5 30. Qc5 Bxc3 31. Qa7+ Kc8 32. Nxc3 Qd6 33. Bc5 1-0

[Event "*** SCC Grand Prix: Titled Tuesday Blitz"]
[Site "Chess.com"]
[Date "2020.08.04"]
[Round "3"]
[White "OK97"]
[Black "WanderingPuppet"]
[Result "1-0"]
[WhiteElo "2803"]
[BlackElo "2511"]
[TimeControl "180+1"]
[EndTime "14:11:41 PDT"]
[Termination "OK97 won by resignation"]

1. Nf3 Nf6 2. g3 g6 3. b3 Bg7 4. Bb2 O-O 5. Bg2 d6 6. d4 Nc6 7. O-O Bf5 8. c4 d5 9. Nbd2 a5 10. cxd5 Nb4 11. Ne5 Ng4 12. e4 Nxe5 13. dxe5 Bd7 14.
Nc4 a4 15. a3 Na6 16. b4 Bb5 17. Rc1 Nb8 18. Re1 Bxc4 19. Rxc4 Nd7 20. f4 Nb6 21.
Rc1 Qd7 22. Bd4 Rac8 23. Qe2 Rfd8 24. Red1 h5 25. h4 Kh7 26. Kh2 Rb8 27. Bh3 e6 28. dxe6 fxe6 29. Bxb6 cxb6 1-0

[Event "*** SCC Grand Prix: Titled Tuesday Blitz"]
[Site "Chess.com"]
[Date "2020.08.04"]
[Round "3"]
[White "bazar-wokzal"]
[Black "PSvidler"]
[Result "0-1"]
[WhiteElo "2476"]
[BlackElo "2942"]
[TimeControl "180+1"]
[EndTime "14:11:45 PDT"]
[Termination "PSvidler won by resignation"]

1. e4 e5 2. Bc4 Nc6 3. f4 exf4 4.
d4 Nf6 5. Nc3 Bb4 6. Qd3 O-O 7. Ne2 Bxc3+ 8. bxc3 Re8 9. e5 d5 10. Bb5 Ne4 11. Bxf4 Bd7 12. O-O a6 13. Bxc6 Bxc6 14. a4 Qd7 15. Ng3 Nxg3 16. Qxg3 Re6 17. a5 Bb5 18. Rf3 b6 19. axb6 cxb6 20. h4 Rg6 21.
Qf2 h5 22. Rg3 Rxg3 23. Qxg3 Qf5 24. Qf2 Bc4 25. Re1 a5 26. e6 fxe6 27. Re5 Qf7 28.
Qg3 Rf8 29. Be3 a4 30. Rg5 a3 0-1

[Event "*** SCC Grand Prix: Titled Tuesday Blitz"]
[Site "Chess.com"]
[Date "2020.08.04"]
[Round "3"]
[White "smartinusa"]
[Black "Batsai"]
[Result "1-0"]
[WhiteElo "2573"]
[BlackElo "2368"]
[TimeControl "180+1"]
[EndTime "14:11:45 PDT"]
[Termination "smartinusa won on time"]

1. d4 Nf6 2. Nf3 d5 3. c4 e6 4. Nc3 Bb4 5. Qa4+ Nc6 6. e3 O-O 7. Qc2 Ne4 8. Bd3 f5 9. O-O g5 10. cxd5 exd5 11. Nxd5 Be6 12. Nxb4 Nxb4 13. Qd1 Qd5 14.
Bxe4 fxe4 15. Ne5 c5 16. Bd2 Nd3 17. Nxd3 exd3 18. dxc5 Qxc5 19. Rc1 Qd5 20. Rc7 Rac8 21. Rxc8 Rxc8 22. Bc3 Rd8 23. Qh5 d2 24. Qh6 Rd7 25. Rd1 Bg4 26. f3 Bxf3 27. gxf3 Qc5 28. Qe6+ 1-0

[Event "*** SCC Grand Prix: Titled Tuesday Blitz"]
[Site "Chess.com"]
[Date "2020.08.04"]
[Round "3"]
[White "BilodeauA"]
[Black "Sven_Tica"]
[Result "1-0"]
[WhiteElo "2868"]
[BlackElo "2639"]
[TimeControl "180+1"]
[EndTime "14:11:46 PDT"]
[Termination "BilodeauA won by resignation"]

1. d4 d5 2. Nc3 c6 3. Bf4 Nf6 4. e3 Bg4 5. f3 Bh5 6. g4 Bg6 7. h4 h5 8. g5 Nfd7 9. Bd3 Bxd3 10. Qxd3 g6 11. e4 e6 12. O-O-O Na6 13. a3 Qa5 14. exd5 cxd5 15. Qb5 Qxb5 16. Nxb5 Nb6 17. b3 Kd7 18. Kb2 Nc8 19. Be5 Rg8 20. f4 Ne7 21. Nd6 Nf5 22.
Nxb7 Kc6 23. Na5+ Kb5 24. b4 Rc8 25. Rh3 Bxb4 26. axb4 Nxb4 27. c3 Kxa5 28. cxb4+ Kb5 29. Ne2 Rc4 30. Ra1 Rxb4+ 31. Rb3 Rxb3+ 32. Kxb3 a5 33. Nc3+ Kb6 34. Na4+ Kb5 35. Nc5 Nxh4 36. Rb1 Nf5 37. Kc3+ Kc6 38. Rb7 Rf8 39. Rc7+ Kb6 40. Nd7+ 1-0

[Event "*** SCC Grand Prix: Titled Tuesday Blitz"]
[Site "Chess.com"]
[Date "2020.08.04"]
[Round "3"]
[White "elcandado"]
[Black "saisree"]
[Result "0-1"]
[WhiteElo "2599"]
[BlackElo "2418"]
[TimeControl "180+1"]
[EndTime "14:11:47 PDT"]
[Termination "saisree won by resignation"]

1. d4 Nf6 2. Bf4 g6 3. Nc3 d5 4. e3 Bg7 5. h4 Bg4 6. Be2 Bxe2 7.
Qxe2 c6 8. Nf3 Nbd7 9. Ne5 Qa5 10. O-O O-O 11. Bh2 Nxe5 12. Bxe5 h5 13. a3 Nd7 14. Bxg7 Kxg7 15. e4 dxe4 16. Qxe4 e6 17.
Rad1 Rad8 18. Rfe1 Rfe8 19. Qf4 Nf6 20. Re5 Qc7 21. Qf3 Ng4 22. Rde1 Rxd4 23. R5e4 Qh2+ 24. Kf1 Rd2 25. g3 Rxf2+ 0-1

[Event "*** SCC Grand Prix: Titled Tuesday Blitz"]
[Site "Chess.com"]
[Date "2020.08.04"]
[Round "3"]
[White "SantoBlue"]
[Black "elohunter1999"]
[Result "1-0"]
[WhiteElo "2910"]
[BlackElo "2472"]
[TimeControl "180+1"]
[EndTime "14:11:49 PDT"]
[Termination "SantoBlue won by resignation"]

1. e4 e5 2. Nf3 Nf6 3. Nc3 Nc6 4. a3 Be7 5. Bb5 O-O 6. O-O d6 7. Bxc6 bxc6 8. d4 exd4 9. Nxd4 Bd7 10. Re1 Re8 11.
h3 c5 12. Nf3 Bf8 13. e5 dxe5 14. Nxe5 Bf5 15. Qf3 Bxc2 16. Bg5 Bd6 17. Ng4 Rxe1+ 18.
Rxe1 Bg6 19. Nd5 Rb8 20. Ndxf6+ gxf6 21. Bxf6 Qd7 22. Bc3 Qd8 23. Nf6+ Kh8 24. Re8+ Qxe8 25. Nxe8+ Kg8 26. Qf6 Kf8 27. Nxd6 cxd6 28. Qxd6+ 1-0

[Event "*** SCC Grand Prix: Titled Tuesday Blitz"]
[Site "Chess.com"]
[Date "2020.08.04"]
[Round "3"]
[White "csati17"]
[Black "Grandmaster2B"]
[Result "1-0"]
[WhiteElo "2583"]
[BlackElo "2378"]
[TimeControl "180+1"]
[EndTime "14:11:49 PDT"]
[Termination "csati17 won by resignation"]

1. c4 Nf6 2. Nc3 e6 3. e4 d5 4.
cxd5 exd5 5. e5 Ne4 6. Nf3 Nc6 7. Bb5 Bc5 8. O-O O-O 9. d4 Bb6 10. h3 Nxc3 11. bxc3 Bd7 12. Bd3 f6 13. exf6 Qxf6 14. Bg5 Qf7 15. Bh4 Bf5 16. Bb5 Be4 17. Ng5 Qf4 18.
g3 Qf5 19. Nxe4 Qxe4 20. Bd3 Qf3 21. Qc2 h6 22. Bg6 Nd8 23. Rae1 Nf7 24. Re3 1-0

[Event "*** SCC Grand Prix: Titled Tuesday Blitz"]
[Site "Chess.com"]
[Date "2020.08.04"]
[Round "3"]
[White "ErikRonka"]
[Black "GianmarcoVaR"]
[Result "0-1"]
[WhiteElo "2245"]
[BlackElo "2463"]
[TimeControl "180+1"]
[EndTime "14:11:50 PDT"]
[Termination "GianmarcoVaR won by resignation"]

1. e4 c5 2. Nf3 d6 3. Bb5+ Nd7 4. d4 Nf6 5. Nc3 cxd4 6. Qxd4 e5 7. Qd3 h6 8. Be3 Be7 9. Bc4 a6 10. a4 O-O 11. h3 Qc7 12. O-O Nc5 13. Bxc5 Qxc5 14.
Rfb1 Be6 15. Nd2 Rac8 16. Bd5 Nxd5 17. exd5 Bd7 18. Ra3 f5 19. b4 Qa7 20. b5 e4 21.
Qe2 axb5 22. Nxb5 Bxb5 23. Qxb5 Rxc2 24. Rb2 Rc1+ 25. Nf1 Bh4 26. g3 Bf6 27. Qxb7 Qc5 0-1

[Event "*** SCC Grand Prix: Titled Tuesday Blitz"]
[Site "Chess.com"]
[Date "2020.08.04"]
[Round "3"]
[White "j_coca"]
[Black "AnonymousBread"]
[Result "0-1"]
[WhiteElo "2308"]
[BlackElo "2534"]
[TimeControl "180+1"]
[EndTime "14:11:55 PDT"]
[Termination "AnonymousBread won by resignation"]

1. f4 Nc6 2. Nf3 Nf6 3. e3 d6 4. d4 Bg4 5. c3 e5 6. Be2 e4 7. Nfd2 Bxe2 8. Qxe2 d5 9. O-O Qd7 10. a3 O-O-O 11. c4 Ne7 12. Nc3 dxc4 13. Nxc4 Nf5 14.
Ne5 Qe8 15. b4 g6 16. Bd2 Bd6 17. Rfc1 h5 18. Nb5 Kb8 19. a4 a6 20. Na3 g5 21.
b5 gxf4 22. bxa6 f3 23. gxf3 exf3 24. Qxf3 c6 25. Nxc6+ bxc6 26. Rab1+ Ka8 27. Qxf5 Rg8+ 28. Kh1 Qe4+ 29. Qxe4 Nxe4 30. Be1 Bxa3 31. Rxc6 Rg5 32. Bh4 Rg4 33. Be1 Rdg8 34. Bg3 h4 35. a7 hxg3 36. Rb8+ Rxb8 37. axb8=Q+ Kxb8 38. hxg3 Rxg3 39. a5 Bd6 40.
a6 Nf2+ 41. Kh2 Rg6+ 42. Rxd6 Rxd6 0-1